 Dungeon Crawl Stone Soup version 0.23.1 (webtiles) character file.

Game seed: 18042111133110000718

11724 Borgoz the Covert (level 11, -2/90 (91) HPs)
             Began as a Ghoul Enchanter on Mar 5, 2019.
             Was a Believer of Ashenzari.
             Slain by a smoke demon (3 damage)
             ... in a volcano.
             The game lasted 00:27:39 (13299 turns).

Borgoz the Covert (Ghoul Enchanter)                Turns: 13299, Time: 00:27:40

HP:   -2/90 (91)    AC:  8    Str: 11    XL:     11   Next: 82%
MP:   17/17         EV: 21    Int: 16    God:    Ashenzari [**....]
Gold: 435           SH:  0    Dex: 18    Spells: 13/20 levels left

rFire    + . .     SeeInvis +   a - +3 dagger (elec)
rCold    + . .     Gourm    .   (no shield)
rNeg     + + +     Faith    .   m - +0 leather armour
rPois    ∞         Spirit   .   (no helmet)
rElec    .         Reflect  .   n - scarf {repulsion} (curse)
rCorr    .         Harm     .   u - +2 pair of gloves of Conscience {Str+2} (curse)
MR       .....                  b - +0 pair of boots
Stlth    +++++.....             y - amulet of magic regeneration
HPRegen  0.00/turn              e - ring of Ofuici {rF+ Str-4 Int+4 Dex+3 SInv}
MPRegen  0.40/turn              (no ring)

@: agile, rotting, repel missiles
A: rotting body, claws 1, carnivore, cold resistance 1, negative energy
resistance 3, inhibited regeneration, torment resistance, unbreathing
a: Curse Item, Scrying, Renounce Religion


You were in a volcano.
You worshipped Ashenzari.
Ashenzari was pleased with you.
You were not hungry.

You visited 3 branches of the dungeon, and saw 11 of its levels.
You also visited: Ossuary and Volcano.

You collected 540 gold pieces.
You spent 105 gold pieces at shops.

Inventory:

Hand Weapons
 a - a +3 dagger of electrocution (weapon)
Missiles
 f - 13 poisoned needles
Armour
 b - a +0 pair of boots (worn)
 m - a +0 leather armour (worn)
 n - a cursed scarf of repulsion (worn)
 u - the cursed +2 pair of gloves of Conscience (worn) {Str+2}
   (You found it on level 4 of the Dungeon)

   It affects your strength (+2).
   It has a curse placed upon it.
Jewellery
 e - the ring of Ofuici (left hand) {rF+ Str-4 Int+4 Dex+3 SInv}
   (You found it on level 6 of the Dungeon)

   [ring of dexterity]

   It affects your strength (-4).
   It affects your intelligence (+4).
   It affects your dexterity (+3).
   It protects you from fire.
   It lets you see invisible.
 l - an uncursed ring of flight
 y - an amulet of magic regeneration (around neck)
Wands
 o - a wand of paralysis (14)
 p - a wand of disintegration (21)
 v - a wand of polymorph (11)
Scrolls
 h - 5 scrolls of remove curse
 s - a scroll of blinking
 t - 2 scrolls of teleportation
 z - a scroll of amnesia
 A - 2 scrolls of magic mapping
Potions
 c - 3 potions of magic
 g - a potion of haste
 i - 3 potions of curing
 j - 2 potions of might
 k - 3 potions of flight
 q - 3 potions of agility
 r - 2 potions of resistance
 w - a potion of cancellation
Comestibles
 d - 18 rations
 x - a chunk of flesh


   Skills:
 + Level 6.7 Fighting
 + Level 8.2 Short Blades
 + Level 5.5 Armour
 + Level 6.0 Dodging
 + Level 8.7 Stealth
 - Level 5.1 Spellcasting
 + Level 6.9 Hexes
 - Level 0.6 Ice Magic
 + Level 2.3 Evocations


You had 13 spell levels left.
You knew the following spells:

 Your Spells              Type           Power        Failure   Level  Hunger
a - Corona                Hex            ####...      1%          1    None
b - Ensorcelled Hibernat  Hex/Ice        ###...       6%          2    #......
c - Confuse               Hex            ####....     3%          3    ###....
d - Confusing Touch       Hex            ####..       1%          1    None

Your spell library contained the following spells:

 Spells                   Type           Power        Failure   Level  Hunger
 Slow                     Hex            ####....     1%          2    #......
 Tukima's Dance           Hex            ####....     3%          3    ###....
 Dazzling Spray           Conj/Hex       ###...       14%         3    ###....
 Inner Flame              Hex/Fire       ###.....     14%         3    ###....
 Animate Skeleton         Necr           N/A          19%         1    None
 Apportation              Tloc           #.....       19%         1    None
 Flame Tongue             Conj/Fire      #....        19%         1    None
 Magic Dart               Conj           #...         19%         1    None
 Summon Small Mammal      Summ           #...         19%         1    None
 Blink                    Tloc           N/A          28%         2    #......
 Call Imp                 Summ           #.......     28%         2    #......
 Throw Flame              Conj/Fire      #.....       28%         2    #......
 Conjure Flame            Conj/Fire      #.......     50%         3    ###....
 Mephitic Cloud           Conj/Pois/Air  #.......     50%         3    ###....
 Sticky Flame             Conj/Fire      #.......     88%         4    ####...
 Fireball                 Conj/Fire      #.........   99%         5    ######.


Dungeon Overview and Level Annotations

Branches:
Dungeon (8/15)             Temple (1/1) D:4            Lair (2/6) D:8
  Snake (0/4) Lair:2
  Swamp: Lair:2-4    Shoals: Lair:2-4

Altars:
Ashenzari
Cheibriados
Dithmenos
Elyvilon
Fedhas
Gozag
Hepliaklqana
Kikubaaqudgha
Makhleb
Nemelex Xobeh
Okawaru
Qazlal
Ru
Sif Muna
Trog
Uskayaw
Vehumet
Wu Jian
Xom
Zin
The Shining One

Shops:
D:7 *?(=

Annotations:
D:5 poxu's ghost, novice TrMo


Innate Abilities, Weirdness & Mutations

Your body is rotting away.
You thrive on raw meat.
You are immune to poison.
You have sharp fingernails.
You are carnivorous and can eat meat at any time.
Your flesh is cold resistant. (rC+)
You are immune to negative energy. (rN+++)
You do not regenerate when monsters are visible.
You are immune to unholy pain and torment.
You can survive without breathing.


Message History

The smoke demon is lightly wounded.
The smoke demon misses you. The smoke demon hits you.
* * * LOW HITPOINT WARNING * * *
The smoke demon hits you but does no damage.
You hit the smoke demon.
Lightning courses through the smoke demon!
The smoke demon is heavily wounded.
You hit the smoke demon.
Lightning courses through the smoke demon!
The smoke demon is almost dead.
You feel your flesh rotting away. The smoke demon gestures at you.
Something smites you!
* * * LOW HITPOINT WARNING * * *
Unknown command.
Unknown command.
You feel agile all of a sudden. The smoke demon misses you.
The smoke demon closely misses you. The smoke demon hits you.
You die...

##...##..≈≈§..##
#8.8##...§§.##
##.#####....#
#.# #..### ##+##
#### * **##.÷.##
* * * *,
#.....#* *
#..∩..#*,, *
,#.†@..# , , ,
,###3### , ... ,
, +,..... + *
##8_8## #...#
#####


You could see a smoke demon.

Vanquished Creatures
  A deep elf mage (D:6)
  An ugly thing (Volcano)
  A black mamba (Lair:1)
  5 spiny frogs (Lair:1)
  3 komodo dragons
  A hippogriff (Lair:1)
  11 yaks
  6 fire bats (Volcano)
  2 basilisks
  A hungry ghost (D:8)
  7 porcupines
  4 water moccasins
  2 hell hounds (Volcano)
  A sky beast (D:8)
  2 black bears (D:8)
  3 ogres
  An ice beast (D:5)
  A necrophage (D:5)
  3 wolves
  5 crocodiles
  Blork the orc (D:6)
  10 bullfrogs
  A water moccasin zombie (D:7)
  3 scorpions
  6 killer bees (D:8)
  4 wights (D:8)
  3 howler monkeys
  A crimson imp (D:5)
  8 lava snakes (Volcano)
  A human zombie (Ossuary)
  4 jellies
  6 orc wizards
  2 hounds
  3 orc priests
  2 iguanas
  7 worker ants
  2 big kobold zombies (Ossuary)
  A hound zombie (Ossuary)
  2 hound skeletons
  4 mummies (Ossuary)
  A howler monkey skeleton (D:6)
  11 adders
  7 gnolls
  6 oozes
  An adder skeleton (D:4)
  An adder zombie (D:5)
  2 worms (D:2)
  2 dart slugs
  5 leopard geckos
  18 orcs
  4 giant cockroaches
  7 goblins
  7 hobgoblins
  2 jackals (D:3)
  3 kobolds
  2 quokkas
  A ball python (D:3)
  6 bats
  6 frilled lizards
  2 jackal skeletons (D:5)
  3 jackal zombies (Ossuary)
  A kobold zombie (Ossuary)
  A leopard gecko zombie (D:8)
  3 orc zombies (Ossuary)
  2 quokka skeletons
  6 rats
  A rat zombie (Ossuary)
243 creatures vanquished.

Vanquished Creatures (others)
  A bush (D:8)
  4 fungi (D:8)
  9 plants
14 creatures vanquished.

Grand Total: 257 creatures vanquished

Notes
Turn   | Place    | Note
-------+----------+-------------------------------------------
     0 | D:1      | Borgoz the Ghoul Enchanter began the quest for the Orb.
     0 | D:1      | Reached XP level 1. HP: 14/14 MP: 2/2
    47 | D:1      | Reached XP level 2. HP: 15/20 MP: 4/4
    51 | D:1      | Learned a level 2 spell: Ensorcelled Hibernation
   212 | D:1      | Reached skill level 1 in Short Blades
  1043 | D:2      | Reached XP level 3. HP: 18/25 MP: 3/5
  1761 | D:2      | Reached XP level 4. HP: 22/33 MP: 3/6
  1792 | D:2      | Learned a level 3 spell: Confuse
  2251 | D:3      | Reached skill level 1 in Fighting
  2257 | D:3      | Reached XP level 5. HP: 22/40 MP: 7/7
  2821 | D:3      | Reached skill level 1 in Armour
  3073 | D:3      | Reached XP level 6. HP: 15/48 MP: 3/8
  3089 | D:3      | HP: 2/48 [adder (2)]
  3252 | D:3      | Found a burning altar of Makhleb.
  3313 | D:4      | Found a shattered altar of Ashenzari.
  3838 | D:4      | Got a pair of ancient gloves
  3907 | D:4      | Became a worshipper of Ashenzari the Shackled
  3915 | D:4      | Identified the +2 pair of gloves of Conscience {Str+2} (You
                  | found it on level 4 of the Dungeon)
  4003 | D:4      | Found a blossoming altar of Fedhas.
  4140 | D:4      | Found a staircase to the Ecumenical Temple.
  4164 | D:4      | Reached XP level 7. HP: 50/55 MP: 5/10
  4189 | Temple   | Entered the Ecumenical Temple
  4755 | D:5      | Entered Level 5 of the Dungeon
  4822 | D:5      | Reached skill level 5 in Stealth
  5454 | D:5      | Reached XP level 8. HP: 51/62 MP: 5/11
  5503 | D:5      | Found a large runed translucent door.
  5504 | D:5      | Noticed poxu's ghost (novice TrMo)
  5505 | D:5      | Found a large runed translucent door.
  6876 | D:6      | Found a glowing golden altar of the Shining One.
  7032 | D:6      | Noticed Blork the orc
  7046 | D:6      | Killed Blork the orc
  7118 | D:6      | Reached skill level 5 in Short Blades
  7327 | D:6      | Noticed a deep elf mage
  7337 | D:6      | Killed a deep elf mage
  7337 | D:6      | Reached XP level 9. HP: 54/71 MP: 13/13
  7419 | D:6      | Identified the ring of Ofuici {rF+ Str-4 Int+4 Dex+3 SInv}
  7943 | D:7      | Found Onuar's Magic Scroll Boutique.
  7951 | D:7      | Bought a scroll of enchant weapon for 105 gold pieces
  7955 | D:7      | Found Xerecin's Antique Weapon Shoppe.
  8012 | D:7      | Found Xihiotzo's Assorted Antiques.
  8746 | D:7      | Reached * piety under Ashenzari
  8755 | D:7      | Found Xomued's Jewellery Emporium.
  8867 | D:8      | Identified a scroll of acquirement
  8898 | D:8      | Reached skill level 5 in Hexes
  8941 | D:8      | Found an opulent altar of Gozag.
  8942 | D:8      | Found a hazy altar of Hepliaklqana.
  8943 | D:8      | Found a radiant altar of Vehumet.
  8957 | D:8      | Reached XP level 10. HP: 80/80 MP: 15/15
  8994 | D:8      | Found a sand-covered staircase.
  8999 | Ossuary  | Entered an ossuary
  9354 | D:8      | Found a bloodstained altar of Trog.
  9667 | D:8      | Found a staircase to the Lair.
  9687 | D:8      | Reached skill level 5 in Fighting
 10952 | Lair:1   | Entered Level 1 of the Lair of Beasts
 11004 | Lair:1   | Reached skill level 5 in Dodging
 11018 | Lair:1   | Noticed a spiny frog
 11021 | Lair:1   | Reached ** piety under Ashenzari
 11022 | Lair:1   | Killed a spiny frog
 11037 | Lair:1   | Noticed a spiny frog
 11047 | Lair:1   | Killed a spiny frog
 11061 | Lair:1   | Noticed a spiny frog
 11071 | Lair:1   | Killed a spiny frog
 11074 | Lair:1   | Reached XP level 11. HP: 68/88 MP: 15/17
 11088 | Lair:1   | Learned a level 1 spell: Confusing Touch
 11163 | Lair:1   | Reached skill level 5 in Spellcasting
 11432 | Lair:1   | HP: 2/89 [komodo dragon (26)]
 11468 | Lair:1   | Reached skill level 5 in Armour
 11711 | Lair:1   | Reached skill level 1 in Evocations
 12089 | Lair:2   | Found a staircase to the Snake Pit.
 12358 | Lair:2   | Found a dark tunnel.
 12365 | Volcano  | Entered a volcano
 12688 | Volcano  | HP: 4/91 [fire bat (1)]
 13278 | Volcano  | Found a radiant altar of Vehumet.
 13278 | Volcano  | Noticed a red ugly thing
 13293 | Volcano  | Killed a red ugly thing
 13298 | Volcano  | HP: 1/90 [smoke demon/divine providence (16)]
 13299 | Volcano  | Slain by a smoke demon

Skill      XL: |  1  2  3  4  5  6  7  8  9 10 11 |
---------------+----------------------------------+-----
Spellcasting   | 2 3 4 5 |  5.1
Short Blades   | 1 2 3 5 6 7 8 |  8.2
Dodging        | 2 3 4 5 6 |  6.0
Stealth        | 4 5 6 7 8 |  8.7
Fighting       | 1 2 3 4 5 6 |  6.7
Armour         | 1 2 3 4 5 |  5.5
Hexes          | 3 4 5 6 |  6.9
Evocations     | 2 |  2.3
Ice Magic      | |  0.6

Action                   |  1- 3 |  4- 6 |  7- 9 | 10-12 || total
-------------------------+-------+-------+-------+-------++-------
Melee: Dagger            |   106 |   121 |   129 |   424 ||   780
       Rapier            |       |   113 |   196 |       ||   309
 Cast: Ensorcelled Hiber |     4 |    17 |    36 |    14 ||    71
       Corona            |     1 |       |     2 |       ||     3
       Confuse           |       |     2 |    13 |     8 ||    23
       Confusing Touch   |       |       |       |     6 ||     6
Invok: Curse Item        |       |       |     1 |       ||     1
Evoke: Wand              |       |       |       |     8 ||     8
  Use: Potion            |       |     2 |     1 |     9 ||    12
       Scroll            |       |       |    12 |     7 ||    19
 Stab: Sleeping          |    10 |    12 |    25 |    25 ||    72
       Confused          |       |       |     5 |    13 ||    18
       Distracted        |       |       |       |     1 ||     1
  Eat: Chunk             |     6 |    19 |    23 |    39 ||    87
Armor: Robe              |    20 |       |       |       ||    20
       Leather armour    |       |    56 |    62 |   105 ||   223
Dodge: Dodged            |    74 |   165 |   164 |   276 ||   679
       Deflected         |       |       |       |     7 ||     7
